Map: Acropolis LE

Players

Mez

  • Race: Terran Terran
  • League: Master
  • Spawn Location: 5:00

nubnax - Winner!

  • Race: Protoss Protoss
  • League: Master
  • Spawn Location: 11:00

VOD

Have the link to the VOD?

Description

Time

  • Played on: Aug. 11, 2019, 4:07 p.m.
  • Length: 7:34
Show
View Real Time Build Order
Export as new Build Order

Mez Terran 

Build Orders: Reaper Expand 

Get SALT Encoding   

  12  0:01  SCV  
  13  0:13  SCV  
  14  0:17  Supply Depot  
  14  0:25  SCV  
  15  0:39  SCV  
  15  0:41  Barracks  
  16  0:43  Refinery  
  16  0:51  SCV  
  17  1:03  SCV  
  18  1:15  SCV  
  19  1:29  Reaper, Orbital Command  
  20  1:40  Command Center  
  20  1:47  Bunker  
  20  1:56  SCV  
  20  1:59  Supply Depot  
  21  2:03  Barracks Reactor  
  21  2:12  SCV  
  22  2:24  SCV  
  23  2:30  Command Center  
  23  2:39  SCV  
  23  2:40  Marine x2  
  26  2:47  Factory  
  26  2:57  Marine  
  26  2:58  Marine  
  28  2:59  Orbital Command  
  28  3:04  Refinery  
  28  3:15  Bunker  
  28  3:18  Marine  
  28  3:19  Marine  
  30  3:21  Bunker  
  30  3:23  SCV  
  31  3:28  SCV  
  31  3:31  Widow Mine  
  34  3:40  Starport  
  33  3:42  Marine x2  
  35  3:53  Orbital Command  
  35  3:57  Bunker  
  35  3:59  Widow Mine  
  37  4:09  Supply Depot x2  
  34  4:28  Widow Mine, Viking  
  38  4:33  Bunker  
  38  4:34  SCV x2  
  39  4:48  Orbital Command  
  36  5:04  Barracks Reactor, Viking  
  37  5:15  SCV x3  
  37  5:18  Factory Tech Lab  
  37  5:20  Barracks  
  40  5:23  Supply Depot  
  40  5:27  SCV  
  39  5:36  Viking  
  39  5:37  Siege Tank  
  44  5:49  Marine x2  
  46  5:51  SCV x3  
  46  5:54  Supply Depot  
  48  6:03  SCV  
  49  6:05  SCV x2  
  49  6:07  Marine  
  49  6:09  Barracks Tech Lab  
  49  6:11  Siege Tank  
  52  6:20  Medivac  
  49  6:40  Marine x3  
  49  6:43  Siege Tank  
  49  7:06  Marine x3  
Show
View Real Time Build Order
Export as new Build Order

nubnax Protoss - Winner!

Build Orders:  

Get SALT Encoding   

  12  0:00  Probe  
  13  0:13  Probe  
  14  0:19  Pylon  
  14  0:24  Probe  
  15  0:33  Probe  
  15  0:38  Gateway  
  15  0:41  Probe  
  16  0:46  Assimilator  
  17  0:52  Probe  
  17  0:55  Assimilator  
  18  1:04  Probe  
  19  1:16  Probe  
  20  1:27  Cybernetics Core  
  20  1:28  Probe  
  21  1:37  Pylon  
  21  1:40  Probe  
  22  1:48  Pylon  
  22  1:52  Probe  
  22  1:53  Adept  
  23  2:07  Robotics Facility  
  25  2:08  Robotics Facility  
  25  2:13  Warp Gate  
  25  2:17  Pylon  
  25  2:24  Stalker  
  27  2:42  Probe  
  27  2:43  Immortal  
  32  3:01  Immortal  
  36  3:13  Warp Prism  
  36  3:25  Pylon  
  38  3:42  Observer  
  39  3:56  Robotics Bay  
  39  4:02  Pylon  
  39  4:07  Immortal  
  43  4:29  Probe  
  44  4:33  Shield Battery  
  44  4:36  Shield Battery  
  44  4:39  Nexus  
  44  4:59  Probe, Pylon  
  45  5:03  Assimilator  
  45  5:05  Assimilator  
  45  5:10  Disruptor  
  48  5:20  Pylon  
  48  5:26  Observer  
  48  5:29  Probe, Disruptor  
  48  5:32  Gravitic Drive  
  52  5:38  Probe  
  53  5:44  Shield Battery  
  53  5:45  Shield Battery, Disruptor  
  56  6:03  Shield Battery  
  56  6:13  Disruptor  
  59  6:33  Stalker  
  59  6:36  Probe x2  
  59  6:38  Forge  
  63  6:48  Probe  
  64  6:58  Observer  
  64  7:10  Stalker  
Tags
 
Add a new tag
Caveats
  • Supply blocks, unpowered buildings, or Contaminate may cause inaccurate times.
  • Supply counts are checked every 10 seconds.